Map: [ESL] Royal Blood

Players

SKillous - Winner!

  • Race: Protoss Protoss
  • Spawn Location: 1:00

HeroMarine

  • Race: Terran Terran
  • Spawn Location: 7:00

Event: ESL SC2 Masters 2023 Summer (Regionals)

VOD

Have the link to the VOD?

Description

Time

  • Played on: May 11, 2023, 1:03 p.m.
  • Length: 6:38

All games in this series

Show
View Real Time Build Order
Export as new Build Order

SKillous Protoss - Winner!

Build Orders: 1 Gate Expand, Blink Stalkers 

Get SALT Encoding   

  12  0:00  Probe  
  13  0:12  Probe  
  14  0:17  Pylon  
  14  0:24  Probe  
  15  0:35  Gateway  
  15  0:36  Probe (Chrono Boost)  
  16  0:46  Probe (Chrono Boost), Assimilator  
  17  0:51  Probe (Chrono Boost)  
  18  1:03  Probe  
  19  1:15  Probe  
  20  1:22  Cybernetics Core  
  20  1:32  Nexus  
  20  1:39  Pylon  
  20  1:40  Probe  
  21  1:47  Assimilator  
  21  1:52  Probe  
  22  1:56  Adept (Chrono Boost)  
  22  1:59  Warp Gate  
  24  2:05  Probe (Chrono Boost)  
  26  2:16  Probe (Chrono Boost)  
  26  2:18  Stalker  
  26  2:19  Shield Battery  
  26  2:20  Probe (Chrono Boost)  
  29  2:31  Probe  
  29  2:35  Robotics Facility  
  31  2:44  Probe (Chrono Boost)  
  31  2:48  Probe (Chrono Boost)  
  32  2:54  Probe (Chrono Boost)  
  32  2:55  Gateway  
  32  2:58  Probe (Chrono Boost)  
  34  2:59  Probe (Chrono Boost)  
  35  3:09  Probe  
  35  3:11  Probe  
  37  3:14  Twilight Council  
  37  3:21  Probe  
  37  3:23  Warp Prism (Chrono Boost)  
  37  3:24  Probe  
  40  3:33  Probe  
  40  3:36  Pylon  
  41  3:46  Blink (Chrono Boost)  
  41  3:48  Stalker  
  43  3:50  Stalker  
  43  3:53  Observer  
  45  3:56  Probe  
  45  3:59  Probe  
  47  4:04  Gateway  
  47  4:06  Gateway  
  48  4:11  Pylon  
  48  4:15  Stalker  
  49  4:18  Stalker  
  49  4:21  Probe  
  52  4:24  Assimilator  
  52  4:25  Probe  
  53  4:40  Probe x2  
  53  4:43  Stalker x2  
  52  4:52  Probe  
  52  4:54  Probe  
  53  5:07  Stalker x3  
  53  5:11  Stalker  
  61  5:16  Probe  
  62  5:21  Pylon  
  59  5:38  Stalker  
  59  5:48  Stalker x3  
  58  6:08  Stalker  
  57  6:13  Stalker x3  
  57  6:15  Probe  
  58  6:20  Probe  
  55  6:35  Stalker  
Show
View Real Time Build Order
Export as new Build Order

HeroMarine Terran 

Build Orders:  

Get SALT Encoding   

  12  0:00  SCV  
  13  0:12  SCV  
  14  0:16  Supply Depot  
  14  0:24  SCV  
  15  0:38  Barracks, SCV  
  16  0:43  Refinery  
  16  0:50  SCV  
  16  0:52  Refinery  
  17  1:02  SCV  
  18  1:05  Supply Depot  
  18  1:14  SCV  
  19  1:28  Orbital Command, Reaper  
  20  1:42  Factory  
  20  1:53  SCV  
  21  2:05  SCV, Barracks Reactor  
  22  2:16  Command Center  
  22  2:18  SCV  
  23  2:26  Hellion  
  25  2:30  SCV  
  25  2:33  Supply Depot  
  26  2:39  Starport  
  26  2:42  SCV  
  27  2:47  Marine  
  27  2:48  Marine  
  29  2:52  Widow Mine  
  29  2:55  SCV  
  32  3:05  Marine  
  33  3:06  Marine  
  33  3:07  SCV  
  35  3:14  Widow Mine  
  35  3:17  Medivac  
  39  3:27  Marine x2  
  39  3:28  SCV  
  40  3:36  Factory Tech Lab  
  40  3:40  SCV  
  41  3:45  Marine x2  
  43  3:52  SCV  
  43  3:53  Barracks  
  44  3:59  Orbital Command  
  44  4:00  Factory Tech Lab  
  44  4:03  Marine x2  
  44  4:04  SCV  
  44  4:07  Raven  
  49  4:16  SCV  
  50  4:18  Siege Tank, Supply Depot  
  50  4:23  Barracks  
  53  4:27  SCV  
  53  4:30  SCV  
  54  4:34  Marine  
  54  4:35  Marine  
  53  4:39  SCV  
  53  4:43  SCV  
  54  4:51  SCV, Siege Tank  
  54  4:52  Marine  
  59  4:55  SCV  
  59  4:59  Marine  
  60  5:03  SCV  
  61  5:07  SCV  
  61  5:09  Marine  
  61  5:12  Engineering Bay  
  62  5:19  Supply Depot  
  62  5:22  Supply Depot  
  62  5:24  Refinery  
  62  5:29  Marine  
  62  5:30  SCV x2, Marine  
  60  5:37  Siege Tank  
  60  5:39  Marauder  
  60  5:42  SCV x2  
  57  5:51  Marine x2  
  57  5:52  Marine  
  57  5:54  SCV  
  52  6:01  Marauder  
  52  6:05  Viking  
  52  6:06  SCV  
  52  6:09  Marine x2  
  52  6:10  Marine  
  43  6:24  SCV  
Tags
 
Add a new tag
Caveats
  • Supply blocks, unpowered buildings, or Contaminate may cause inaccurate times.
  • Supply counts are checked every 10 seconds.